 Seeded DCSS version 0.30-a0-576-g89cddaab80 (webtiles) character file.

Game seed: 6605925880561935057 (custom seed)

78 purpskrrrp the Conjurer (level 4, -4/30 HPs)
             Began as a Demonspawn Conjurer on Dec 26, 2022.
             Slain by an iguana (9 damage)
             ... on level 3 of the Dungeon on Dec 31, 2022.
             The game lasted 00:04:33 (2398 turns).

purpskrrrp the Conjurer (Demonspawn Conjurer)       Turns: 2398, Time: 00:04:34

Health: -4/30      AC:  2    Str: 13    XL:     4   Next: 15%
Magic:  1/7        EV: 12    Int: 30    God:
Gold:   59         SH:  0    Dex: 11    Spells: 7/8 levels left

rFire   x . .      SeeInvis +    (no weapon)
rCold   + . .      Faith    .    (no shield)
rNeg    . . .      Spirit   .    a - +0 robe
rPois   .          Reflect  .    (helmet restricted)
rElec   .          Harm     .    (no cloak)
rCorr   .          Rampage  .    (no gloves)
Will    .....                    (no boots)
Stlth   +++                      (no amulet)
HPRegen 0.25/turn                g - ring of Temperance {rF- Str+6 Int+9 Dex-3 SInv}
MPRegen 0.10/turn                k - ring of protection from cold

@: no status effects
A: antennae 1, thin skeletal structure 1
a: no special abilities


You were on level 3 of the Dungeon.
You visited 1 branch of the dungeon, and saw 3 of its levels.

You collected 59 gold pieces.

Inventory:

Armour
 a - a +0 robe (worn)
Jewellery
 g - the ring of Temperance (left hand) {rF- Str+6 Int+9 Dex-3 SInv}
   (You found it on level 3 of the Dungeon)

   [ring of strength]

   Str:       It affects your strength (+6).
   Int:       It affects your intelligence (+9).
   Dex:       It affects your dexterity (-3).
   rF:        It makes you vulnerable to fire.
   SInv:      It lets you see invisible.
 h - a ring of ice
 k - a ring of protection from cold (right hand)
 m - a ring of magical power
Scrolls
 c - a scroll of magic mapping
 e - a scroll of blinking
 i - a scroll of torment {unknown}
Potions
 b - 2 potions of magic
 d - 3 potions of haste
 f - 5 potions of curing
 j - 2 potions of flight
 l - a potion of attraction {unknown}


   Skills:
 + Level 2.5 Dodging
 + Level 2.6 Stealth
 + Level 2.6 Spellcasting
 + Level 4.4 Conjurations


You had 7 spell levels left.
You knew the following spells:

 Your Spells              Type           Power      Damage    Failure   Level
a - Magic Dart            Conj           100%       1d8       1%          1

Your spell library contained the following spells:

 Spells                   Type           Power      Damage    Failure   Level
 Searing Ray              Conj           60%        2d6       1%          2
 Dazzling Flash           Conj/Hex       34%        N/A       9%          3
 Fulminant Prism          Conj/Hex       8%         3d7       30%         4
 Iskenderun's Mystic Bla  Conj/Tloc      17%        2d5       30%         4


Dungeon Overview and Level Annotations

Branches:
Dungeon (3/15)

Altars:


Innate Abilities, Weirdness & Mutations

You have a pair of small antennae on your head.
You have a somewhat thin skeletal structure. (Dex +2, Stealth+)


Message History

> or
k - a ring of protection from cold
Okay, then.
Welcome back, purpskrrrp the Demonspawn Conjurer.
Game seed: 6605925880561935057 (custom seed) Press ? for a list of commands and other information.
There's nothing to open nearby.
Magic restored.
HP restored.
Things that are here:
a +0 ring mail; a +0 club; an orc corpse
Found a plate armour.
You sense a monster nearby.
A quokka, a giant cockroach and a frilled lizard come into view.
Found a scroll labelled SOECONN ZARROT.
The frilled lizard hisses angrily.
An iguana comes into view.
The frilled lizard moves out of view.
The magic dart hits the quokka.
The quokka is moderately wounded.
The iguana hisses angrily.
The magic dart hits the quokka.
The quokka is heavily wounded.
The magic dart hits the quokka.
You kill the quokka!
The magic dart hits the iguana.
The iguana is moderately wounded.
You closely miss the iguana.
The iguana is moderately wounded.
The iguana bites you!
The magic dart hits the iguana but does no damage.
The iguana is moderately wounded.
The iguana closely misses you.
The magic dart hits the iguana!
The iguana is severely wounded.
The iguana bites you!
* * * LOW HITPOINT WARNING * * *
You are too injured to fight recklessly!
You are too injured to fight recklessly!
The iguana attacks as you move away! The iguana bites you!
You die... .PP

.....##.. . ~~ ..... ... .~
♣~~......?. ~~~ ~~♣......
~~♣.♣..♣.# ♣~♣♣~......#...
#. B~.P..Pll...... #..
♣....@+# #.. #.####.# #...
#......# #...#####[.....###
................#
##########.....#
#........#.....#
#.#####..#.....#####
#....#...#..........###+####


You could see an iguana, a giant cockroach (asleep) and a frilled lizard.

Vanquished Creatures
  2 adders (D:2)
  A dart slug (D:1)
  A worm (D:3)
  An orc (D:3)
  3 ball pythons
  4 endoplasms
  3 giant cockroaches
  5 hobgoblins
  3 quokkas
  7 bats
  A frilled lizard (D:1)
  6 goblins
  7 kobolds
  4 rats (D:1)
48 creatures vanquished.

Notes
Turn   | Place    | Note
-------+----------+-------------------------------------------
     0 | D:1      | purpskrrrp the Demonspawn Conjurer began the quest for the
                  | Orb.
     0 | D:1      | Reached XP level 1. HP: 13/13 MP: 3/3
   270 | D:1      | Gained mutation: You have a somewhat thin skeletal
                  | structure. (Dex +2, Stealth+) [demonic ancestry]
   270 | D:1      | Reached XP level 2. HP: 19/19 MP: 3/5
   458 | D:1      | Found a faded altar of an unknown god.
   954 | D:1      | Gained mutation: You have a pair of small antennae on your
                  | head. [demonic ancestry]
   954 | D:1      | Reached XP level 3. HP: 24/24 MP: 3/6
   988 | D:1      | Upgraded the game from 0.30-a0-540-g0af01429fa to
                  | 0.30-a0-576-g89cddaab80
  2024 | D:3      | Reached XP level 4. HP: 30/30 MP: 2/7
  2178 | D:3      | Identified the ring of Temperance {rF- Str+6 Int+9 Dex-3
                  | SInv}
  2398 | D:3      | Slain by an iguana

Illustrated notes

Levels and vault maps discovered:
D:1:      amcnicky_arrival_double_pillar, layout_loops_ring,
          chequers_ecumenical_altar_simple_redux, minivault_24, minivault_24,
          corner_web_ring
D:2:      layout_rooms
D:3:      layout_basic, serial_co_window_serial, co_window_paths_a,
          co_window_paths_a, co_window_paths_b, co_window_corner_a,
          co_window_of_opportunity_a, co_window_paths_b, co_window_paths_a,
          co_window_corner_b, co_window_corner_cb, co_window_corner_ca,
          co_window_corner_ca, co_window_unsneaky_path_c, serial_bayou_pond_a

Skill      XL: |  1 |
---------------+----+-----
Stealth        | 2 |  2.6
Dodging        | 2 |  2.5
Spellcasting   | |  2.6
Conjurations   | |  4.4

Action                   |  1- 3 |  4- 6 || total
-------------------------+-------+-------++-------
Melee: Unarmed           |    56 |    16 ||    72
       Punch             |     1 |     1 ||     2
 Cast: Magic Dart        |    76 |    17 ||    93
  Use: Scroll            |     8 |       ||     8
       Potion            |     1 |       ||     1
Armor: Robe              |     5 |     1 ||     6
Dodge: Dodged            |    34 |    10 ||    44

Table legend: (Time is in decaauts)
 A = Elapsed time spent in this place.
 B = Non-inter-level travel time spent in this place.
 C = Inter-level travel time spent in this place.
 D = Time resting spent in this place.
 E = Time spent auto-exploring this place.
 F = Levels seen in this place.
 G = Mean time per level.
                   A        B        C        D        E       F      G
               +--------+--------+--------+--------+--------+-----+--------+
         Total |   2396 |   2357 |     39 |     28 |   2055 |   3 |  798.7 |
       Dungeon |   2396 |   2357 |     39 |     28 |   2055 |   3 |  798.7 |
               +--------+--------+--------+--------+--------+-----+--------+

Top non-repeatable levels by time:
     D:1: 1302 daAuts
     D:2: 716 daAuts
     D:3: 377 daAuts
